AoeStats
← Shredded_Pork

Lombardia

507071564Analyzed
4v4 RM · 17d ago on Sep 16, 2026· 69m 46s· 8 players
Game mode
Random Map
Map size
Large (8 player)
Population
200
Speed
Normal
Resources
Standard
Victory
Conquest
Starting age
Dark Age
Ending age
Imperial Age
RankedLock teamsTeams togetherTeam positionsShared explorationLock speedFull tech treeHidden civsTurbo modeCheats
Victory
Defeat
760
+14
🇵🇪 Britons · Peru
760
+14
🇺🇸 Spanish · United States
702
+17
🇨🇳 Saracens · China
649
+20
🇹🇷 Japanese · Türkiye
756
-18
🇫🇷 Khmer · France
725
-16
🇨🇦 Burgundians · Canada
705
-16
🇰🇪 Franks · Kenya
691
-15
o.petos
1:00 Loom
2:14 Loom
10:39 Feudal Age
9:05 Double-Bit Axe
10:12 Horse Collar
15:48 Wheelbarrow
15:35 Bow Saw
15:54 Town Watch
16:37 Heavy Plow
18:25 Gold Mining
22:23 Castle Age
20:25 Stone Mining
26:09 Murder Holes
26:09 Fletching
27:54 Hand Cart
27:55 Caravan
27:50 Arson
31:22 Husbandry
30:47 Cavalier
32:16 Fervor
33:08 Stone Shaft Mining
32:55 Bodkin Arrow
33:11 Forging
35:59 Ballistics
35:50 Fortified Wall
35:54 Scale Barding Armor
40:51 Imperial Age
42:38 Bracer
45:46 Paladin
48:45 Conscription
51:52 Town Patrol
52:59 Burgundian Vineyards
57:28 Scale Mail Armor
57:39 Devotion
59:24 Squires
58:57 Pikeman
62:21 Halberdier
KRM Draykon
12:34 Feudal Age
13:16 Double-Bit Axe
13:14 Horse Collar
13:26 Gold Mining
13:27 Stone Mining
18:43 Castle Age
18:13 Scale Barding Armor
18:19 Forging
20:49 Bow Saw
21:17 Stone Shaft Mining
21:21 Gold Shaft Mining
20:49 Heavy Plow
23:14 Wheelbarrow
25:46 Chain Barding Armor
26:02 Iron Casting
31:24 Imperial Age
30:32 Hand Cart
30:03 Loom
30:04 Town Watch
30:41 Caravan
33:05 Plate Barding Armor
33:31 Blast Furnace
33:11 Conscription
33:01 Double Crossbow
33:54 Crop Rotation
35:04 Town Patrol
34:50 Elite Ballista Elephant
36:02 Ballistics
36:43 Chemistry
53:42 Fletching
53:53 Padded Archer Armor
53:54 Scale Mail Armor
Merginator44
0:32 Loom
14:03 Feudal Age
14:49 Horse Collar
14:57 Double-Bit Axe
21:31 Castle Age
23:05 Bow Saw
22:58 Heavy Plow
23:26 Forging
23:17 Scale Mail Armor
23:08 Fletching
23:19 Padded Archer Armor
22:47 Elite Skirmisher
24:02 Caravan
28:07 Gold Mining
28:11 Stone Mining
29:39 Wheelbarrow
28:55 Town Watch
30:44 Iron Casting
30:27 Chain Mail Armor
30:10 Bodkin Arrow
30:58 Leather Archer Armor
33:04 Hand Cart
32:50 Town Patrol
37:48 Imperial Age
36:41 Scale Barding Armor
38:25 Elite Samurai
39:26 Conscription
39:43 Hoardings
39:56 Gold Shaft Mining
39:32 Pikeman
40:13 Squires
39:59 Arson
39:37 Heavy Scorpion
41:30 Blast Furnace
50:27 Halberdier
53:33 Chemistry
52:55 Ballistics
52:31 Murder Holes
52:17 Treadmill Crane
52:48 Masonry
66:58 Capped Ram
jorh.choxxy
1:06 Loom
12:02 Feudal Age
14:10 Double-Bit Axe
21:35 Castle Age
19:22 Town Watch
21:40 Pikeman
21:41 Man-at-Arms
22:08 Gambesons
22:10 Arson
22:27 Squires
26:28 Caravan
31:07 Wheelbarrow
32:09 Fortified Wall
31:56 Murder Holes
38:19 Imperial Age
36:39 Wheelbarrow
38:39 Husbandry
38:03 Light Cavalry
38:25 Long Swordsman
38:36 Cavalier
41:10 Hand Cart
41:21 Paladin
43:18 Halberdier
52:00 Scale Barding Armor
51:56 Scale Mail Armor
52:07 Forging
52:43 Hoardings
58:59 Capped Ram
Chilies
10:18 Loom
12:57 Feudal Age
15:02 Horse Collar
15:09 Double-Bit Axe
20:14 Castle Age
18:53 Bloodlines
19:24 Bloodlines
20:57 Husbandry
23:24 Wheelbarrow
33:50 Imperial Age
34:46 Cavalier
35:54 Supremacy
37:42 Hand Cart
38:04 Forging
38:36 Ballistics
40:02 Caravan
41:53 Chemistry
43:42 Inquisition
44:02 Fervor
44:07 Redemption
45:03 Theocracy
45:36 Illumination
45:28 Block Printing
45:29 Heavy Plow
45:47 Bow Saw
45:04 Paladin
46:00 Town Watch
48:23 Capped Ram
48:25 Onager
50:10 Elite Conquistador
51:00 Fletching
51:15 Padded Archer Armor
52:08 Iron Casting
51:39 Scale Barding Armor
53:19 Two-Man Saw
55:04 Blast Furnace
54:01 Bodkin Arrow
54:21 Leather Archer Armor
54:20 Masonry
54:17 Siege Ram
58:13 Chain Barding Armor
57:54 Bracer
58:24 Ring Archer Armor
65:03 Plate Barding Armor
ZzzzzzCamilaVuelvePorfavor
9:14 Feudal Age
9:42 Double-Bit Axe
9:39 Horse Collar
11:34 Loom
19:17 Castle Age
20:16 Bow Saw
20:08 Heavy Plow
21:49 Wheelbarrow
21:10 Gold Mining
24:27 Hand Cart
24:02 Town Watch
27:33 Stone Mining
28:59 Stone Shaft Mining
29:27 Caravan
31:25 Town Patrol
32:25 Scale Barding Armor
32:32 Forging
35:32 Imperial Age
33:30 Chain Barding Armor
34:22 Gold Shaft Mining
36:31 Crop Rotation
37:03 Two-Man Saw
38:02 Conscription
38:31 Elite War Elephant
39:57 Hoardings
40:30 Plate Barding Armor
40:30 Iron Casting
40:01 Husbandry
40:11 Bloodlines
44:12 Blast Furnace
57:51 Heavy Camel Rider
68:52 Spies/Treason
akarisialo
11:21 Feudal Age
12:43 Double-Bit Axe
20:34 Castle Age
23:15 Bow Saw
22:33 Crossbowman
25:20 Fletching
25:48 Horse Collar
26:24 Gold Mining
28:01 Wheelbarrow
30:15 Padded Archer Armor
30:14 Bodkin Arrow
32:52 Stone Mining
33:43 Leather Archer Armor
33:41 Forging
38:19 Imperial Age
36:09 Hand Cart
37:51 Gold Shaft Mining
37:35 Caravan
38:03 Ballistics
38:45 Yeomen
38:38 Heavy Plow
39:54 Conscription
39:56 Bracer
39:50 Arbalester
41:06 Ring Archer Armor
42:09 Chemistry
41:17 Siege Engineers
43:59 Iron Casting
43:25 Scale Mail Armor
46:49 Blast Furnace
49:22 Loom
49:44 Warwolf
50:25 Hoardings
50:41 Hoardings
53:24 Elite Longbowman
58:42 Murder Holes
68:53 Spies/Treason
Shredded_Pork
11:28 Feudal Age
12:37 Double-Bit Axe
14:12 Horse Collar
20:22 Castle Age
19:50 Stone Mining
19:50 Gold Mining
21:40 Bow Saw
21:33 Heavy Plow
23:06 Gold Shaft Mining
32:12 Imperial Age
30:49 Wheelbarrow
30:28 Forging
30:23 Scale Barding Armor
33:11 Hand Cart
33:34 Iron Casting
33:20 Chain Barding Armor
33:52 Conscription
37:34 Caravan
38:49 Blast Furnace
38:24 Plate Barding Armor
40:08 Plate Barding Armor
39:32 Onager
39:45 Elite Mameluke
41:02 Husbandry
41:12 Bloodlines
Connection lost

Rejoining the realm…

Still unreachable

The connection could not be restored.

Session expired

The server has moved on; the page needs a fresh start.